 Dungeon Crawl Stone Soup version bcrawl-1.37.2 (webtiles) character file.

Game seed: 843729477731582097

143901 Leeroy the Slasher (level 5, -4/38 HPs)
             Began as a Vampire Skald on Feb 2, 2023.
             Killed by divine providence
             ... invoked by an orc priest
              (12 damage)
             ... on level 3 of the Dungeon.
             The game lasted 00:03:30 (2411 turns).

Leeroy the Slasher (Vampire Skald)                  Turns: 2411, Time: 00:03:31

Health: -4/38      AC:  4    Str: 14    XL:     5   Next: 9%
Magic:  8/8        EV: 12    Int: 16    God:
Gold:   171        SH:  0    Dex: 13    Spells: 4/8 levels left

rFire    + . .     GDR:     26% v - +2 short sword (venom)
rCold    . . .     SeeInvis +   (no shield)
rNeg     + . .     Gourm    .   b - +0 leather armour
rPois    .         Faith    .   (no helmet)
rElec    .         Spirit   .   k - +0 cloak
rCorr    .         Reflect  .   (no gloves)
MR       .....                  (no boots)
Stlth    ++........             d - amulet of magic regeneration
HPRegen  0.16/turn              h - ring "Navaylowk" {+Fly Int+2}
MPRegen  0.23/turn              f - ring of protection from fire

@: no status effects
A: claws 1, fangs 3, see invisible, unbreathing
a: Evoke Flight


You were on level 3 of the Dungeon.
You were not thirsty.

You visited 1 branch of the dungeon, and saw 3 of its levels.

You collected 171 gold pieces.

Inventory:

Hand Weapons
 a - a +0 long sword
 v - a +2 short sword of venom (weapon)
Armour
 b - a +0 leather armour (worn)
 k - a +0 cloak (worn)
Jewellery
 d - an amulet of magic regeneration (around neck)
 f - a ring of protection from fire (right claw)
 h - the ring "Navaylowk" (left claw) {+Fly Int+2}
   (You found it on level 1 of the Dungeon)

   [ring of flight]

   It affects your intelligence (+2).
   It lets you fly.
 l - an uncursed ring of poison resistance
Scrolls
 e - a scroll of fear
 i - 2 scrolls of identify
 m - a scroll of enchant weapon
 n - 2 scrolls of remove curse {unknown}
 o - a scroll of fog {unknown}
 p - a scroll of magic mapping {unknown}
 r - a scroll of amnesia {unknown}
 t - a scroll of blinking {unknown}
 u - a scroll of immolation {unknown}
Potions
 c - 2 potions of curing {unknown}
 g - a potion of mutation {unknown}
 j - a potion of degeneration {unknown}
 q - 2 potions of blood
 s - 2 potions of agility {unknown}


   Skills:
 - Level 1.7 Fighting
 + Level 6.4 Long Blades
 - Level 0.8 Armour
 - Level 2.1 Dodging
 - Level 2.0 Spellcasting
 - Level 3.2 Charms


You had 4 spell levels left.
You knew the following spells:

 Your Spells              Type           Power        Failure   Level  Hunger
a - Infusion              Chrm           ##......     7%          1    None
b - Spectral Weapon       Hex/Chrm       #.......     36%         3    ####...

Your spell library contained the following spells:

 Spells                   Type           Power        Failure   Level  Hunger
 Song of Slaying          Chrm           ##......     10%         2    ##.....
 Swiftness                Chrm/Air       #.......     21%         2    ##.....
 Beastly Appendage        Tmut           #.....       26%         1    None
 Passwall                 Tmut/Erth      #.......     36%         2    ##.....
 Sticks to Snakes         Tmut           #.......     36%         2    ##.....
 Ozocubu's Armour         Chrm/Ice       #.......     36%         3    ####...
 Regeneration             Chrm/Necr      #.........   36%         3    ####...
 Spider Form              Tmut/Pois      #..          58%         3    ####...
 Ice Form                 Ice/Tmut       #.......     94%         4    ######.
 Blade Hands              Tmut           #.........   100%        5    #######


Dungeon Overview and Level Annotations

Branches:
Dungeon (3/12)

Altars:
Lugonu
Sif Muna

Annotations:
D:3 2 transporters, BLiZZARD's ghost, amateur DsAc


Innate Abilities, Weirdness & Mutations

You have sharp fingernails.
You have razor-sharp teeth.
You have supernaturally acute eyesight. (SInv)
You can survive without breathing.


Message History

The orc priest hits you with a +1 short sword of holy wrath.
You convulse.
The orc shouts!
You hit the orc priest but do no damage.
Wield which item (- for none, * to show all)? (? for menu, Esc to quit)
Your +2 short sword of venom begins to drip with poison!
v - a +2 short sword of venom (weapon)
The orc priest hits you but does no damage.
You closely miss the orc priest. The orc priest barely misses you.
You closely miss the orc priest. You hit the orc.
The orc is poisoned.
Your bite misses the orc.
The orc is severely wounded.
The orc priest calls down the wrath of Beogh upon you.
Beogh smites you!
* * * LOW HITPOINT WARNING * * *
There is a stone staircase leading up, spattered with blood here.
You kill the orc!
The orc priest mumbles some strange prayers to Beogh against you.
Beogh smites you!
You die...

©......... #..........
#..##...
.[###.##.####..........
##..##[#
.###..##÷#.............
#.#.†#.#
)###.##..#...##.#......
##.#....
.....##......#.......o.
#.#.#...
#..#.............o.o.o.
########
#.##.............#
................)#
........).......@#
..#..............#
#####..>.........####
#.......####.%..########
#.....#### ####.........
#...... ##########
#....#. #.##. .


You could see an orc priest.

Vanquished Creatures
  An orc priest (D:2)
  A crimson imp (D:3)
  An adder (D:3)
  4 worms (D:2)
  4 leopard geckos
  5 orcs
  4 giant cockroaches
  2 goblins (D:1)
  7 hobgoblins
  A jackal (D:1)
  2 quokkas (D:2)
  2 bats (D:1)
  4 frilled lizards
  9 kobolds
  4 rats
51 creatures vanquished.

Notes
Turn   | Place    | Note
-------+----------+-------------------------------------------
     0 | D:1      | Leeroy the Vampire Skald began the quest for the Orb.
     0 | D:1      | Reached XP level 1. HP: 16/16 MP: 3/3
   128 | D:1      | Reached skill level 3 in Long Blades
   227 | D:1      | Got a faintly glowing steel ring
   253 | D:1      | Reached XP level 2. HP: 7/22 MP: 5/5
   255 | D:1      | Identified the ring "Navaylowk" {+Fly Int+2} (You found it
                  | on level 1 of the Dungeon)
   854 | D:1      | Reached skill level 4 in Long Blades
  1124 | D:2      | Reached XP level 3. HP: 27/27 MP: 6/6
  1129 | D:2      | Learned a level 3 spell: Spectral Weapon
  1367 | D:2      | Found a shimmering blue altar of Sif Muna.
  1709 | D:2      | Found a corrupted altar of Lugonu.
  2045 | D:3      | Reached skill level 5 in Long Blades
  2045 | D:3      | Reached XP level 4. HP: 33/33 MP: 7/7
  2116 | D:3      | Found a transporter.
  2121 | D:3      | Noticed BLiZZARD's ghost (amateur DsAc)
  2142 | D:3      | Found a transporter.
  2261 | D:2      | Reached skill level 6 in Long Blades
  2261 | D:2      | Reached XP level 5. HP: 14/38 MP: 8/8
  2411 | D:3      | Killed from afar by an orc priest

Skill      XL: |  1  2  3  4 |
---------------+-------------+-----
Long Blades    | 3 4 5 6 |  6.4
Fighting       | |  1.7
Armour         | |  0.8
Dodging        | |  2.1
Spellcasting   | |  2.0
Charms         | |  3.2

Action                   |  1- 3 |  4- 6 || total
-------------------------+-------+-------++-------
Melee: Long sword        |   111 |    50 ||   161
       Bite              |    10 |     4 ||    14
       Short sword       |       |     3 ||     3
  Use: Scroll            |     2 |       ||     2
 Stab: Sleeping          |    10 |     2 ||    12
  Eat: Corpse            |     8 |     3 ||    11
Armor: Leather armour    |    25 |     8 ||    33
Dodge: Dodged            |    51 |    20 ||    71
Block: Other             |     1 |     1 ||     2
